 Dungeon Crawl Stone Soup version 0.22.0-49-gab54619674 (webtiles) character file.

4150 MaCx the Geomancer (level 10, -8/58 HPs)
             Began as a Gargoyle Earth Elementalist on Sept 8, 2018.
             Was a Believer of Vehumet.
             Mangled by Estucaddeh's ghost (10 damage)
             ... on level 8 of the Dungeon on Sept 9, 2018.
             The game lasted 01:02:02 (13015 turns).

MaCx the Geomancer (Gargoyle Earth Elementalist)   Turns: 13015, Time: 01:02:03

Health: -8/58      AC: 12    Str: 12    XL:     10   Next: 27%
Magic:  2/19       EV: 13    Int: 19    God:    Vehumet [**....]
Gold:   164        SH:  0    Dex: 10    Spells: 9/21 levels left

rFire    . . .     SeeInvis .   P - -1 great mace (curse)
rCold    . . .     Gourm    .   (shield currently unavailable)
rNeg     + . .     Faith    .   D - +0 robe
rPois    ∞         Spirit   .   (no helmet)
rElec    +         Reflect  .   x - +0 cloak
rCorr    .         Harm     .   u - +0 pair of gloves
MR       .....                  (no boots)
Stlth    ++........             y - amulet of magic regeneration
HPRegen  0.19/turn              A - ring of fire
MPRegen  0.41/turn              J - ring of ice

@: very slightly contaminated
A: negative energy resistance 1, electricity resistance, unbreathing,
petrification resistance, rot immunity, AC +7
a: Renounce Religion


You were on level 8 of the Dungeon.
You worshipped Vehumet.
Vehumet was pleased with you.
You were near starving.

You visited 3 branches of the dungeon, and saw 10 of its levels.

You collected 424 gold pieces.
You spent 260 gold pieces at shops.

Inventory:

Hand Weapons
 h - a +0 mace
 L - a +2 antimagic great mace
 P - a cursed -1 great mace (weapon)
Missiles
 b - 216 stones (quivered)
Armour
 c - a +0 robe
 q - a +0 robe
 u - a +0 pair of gloves (worn)
 x - a +0 cloak (worn)
 D - a +0 robe (worn)
 F - a +0 robe
 R - a +0 cloak
Jewellery
 y - an amulet of magic regeneration (around neck)
 A - a ring of fire (left hand)
 J - a ring of ice (right hand)
Wands
 r - a wand of polymorph (16)
 C - a wand of digging (32)
 I - a wand of iceblast (10)
 M - a wand of paralysis (4)
Scrolls
 a - 4 scrolls of identify
 g - 6 scrolls of teleportation
 j - a scroll of amnesia {unknown}
 m - 4 scrolls of blinking
 o - 2 scrolls of enchant armour {unknown}
 s - 2 scrolls of immolation {unknown}
 v - 5 scrolls of remove curse
 w - 2 scrolls of random uselessness {unknown}
 z - 2 scrolls of noise {unknown}
 K - a scroll of brand weapon {unknown}
 O - 4 scrolls of enchant weapon {unknown}
Potions
 e - 4 potions of might {unknown}
 f - 3 potions of heal wounds {unknown}
 i - 2 potions of agility {unknown}
 k - a potion of lignification {unknown}
 l - 2 potions of brilliance {unknown}
 n - a potion of flight {unknown}
 p - 2 potions of haste
 t - 4 potions of ambrosia {unknown}
 B - a potion of berserk rage {unknown}
 E - a potion of mutation {unknown}
 G - 2 potions of invisibility {unknown}
 H - 4 potions of curing {unknown}
 N - 2 potions of resistance {unknown}
Comestibles
 d - 7 rations


   Skills:
 + Level 4.5 Fighting
 + Level 3.9 Maces & Flails
 + Level 4.4 Armour
 + Level 4.0 Dodging
 - Level 2.2 Stealth
 + Level 6.1 Spellcasting
 + Level 6.4 Conjurations
   Level 0.7 Transmutations
 + Level 1.0 Fire Magic
 + Level 8.4 Earth Magic
 + Level 3.7 Evocations


You had 9 spell levels left.
You knew the following spells:

 Your Spells              Type           Power        Failure   Level  Hunger
a - Sandblast             Erth           #####.       1%          1    None
b - Stone Arrow           Conj/Erth      ####..       1%          3    ##.....
c - Lee's Rapid Deconstr  Erth           #####.....   10%         5    #####..
d - Conjure Flame         Conj/Fire      ####....     7%          3    ##.....

Your spell library contained the following spells:

 Spells                   Type           Power        Failure   Level  Hunger
 Inner Flame              Hex/Fire       ##......     26%         3    ##.....
 Magic Dart               Conj           ####         1%          1    None
 Passwall                 Tmut/Erth      ###.....     2%          2    None
 Animate Skeleton         Necr           N/A          11%         1    None
 Apportation              Tloc           #.....       11%         1    None
 Confusing Touch          Hex            #.....       11%         1    None
 Summon Small Mammal      Summ           #...         11%         1    None
 Mephitic Cloud           Conj/Pois/Air  ##......     14%         3    ##.....
 Blink                    Tloc           N/A          17%         2    None
 Call Imp                 Summ           #.......     17%         2    None
 Slow                     Hex            #.......     17%         2    None
 Petrify                  Tmut/Erth      ###.....     17%         4    ####...


Dungeon Overview and Level Annotations

Branches:
Dungeon (8/15)             Temple (1/1) D:4            Lair (1/6) D:8

Altars:
Ashenzari
Cheibriados
Dithmenos
Elyvilon
Fedhas
Gozag
Hepliaklqana
Makhleb
Nemelex Xobeh
Trog
Uskayaw
Vehumet
Wu Jian
Xom
Zin
The Shining One

Shops:
D:5 *   D:7 :

Annotations:
D:8 Estucaddeh's ghost, novice HOFi


Innate Abilities, Weirdness & Mutations

You are resistant to torment.
Your stone body is resilient. (AC +7)
You are immune to poison.
You resist negative energy. (rN+)
You are resistant to electric shocks. (rElec)
You can survive without breathing.
You are immune to petrification.
You are immune to rotting.


Message History

Casting: Stone Arrow (safe; 1% risk of failure)
Confirm with . or Enter, or press ? or * to list all spells.
Aiming: Stone Arrow (safe; 1% risk of failure)
Press: ? - help, Shift-Dir - straight line, f/p - Estucaddeh's ghost
Aim: Estucaddeh's ghost, wielding a weapon of flaming (moderately damaged)
The stone arrow misses Estucaddeh's ghost.
The stone arrow hits the plant.
The plant is moderately damaged.
Estucaddeh's ghost hits you.
* * * LOW HITPOINT WARNING * * *
Estucaddeh's ghost burns you.
* * * LOW HITPOINT WARNING * * *
You hit Estucaddeh's ghost but do no damage.
Estucaddeh's ghost is moderately damaged.
Estucaddeh's ghost hits you but does no damage.
You completely miss Estucaddeh's ghost.
Estucaddeh's ghost is moderately damaged.
Estucaddeh's ghost hits you but does no damage.
Estucaddeh's ghost hits you!
You die...

#.### ##.........# .##
#.........## .# ###
##.........# ##
##.####.....####.## #
##..##......PP.###.# ##
##[..#......PP.PP##.#
.###..#....^P..PPPPP####
......#....PPP..WPPP#
#....###.P.PP...@.PP#
#....# ##PP...PP..PP#
##...#


##PPPPPPPPP## #...# ########### ##### You could see Estucaddeh's ghost.

Vanquished Creatures
  Maurice (D:8)
  A komodo dragon (D:8)
  A hippogriff (D:5)
  Sigmund (D:4)
  A wyvern (D:8)
  A hungry ghost (D:8)
  A water moccasin (Lair:1)
  4 ogres
  5 orc warriors
  A phantom (D:2)
  2 eyes of draining (D:8)
  A crocodile (D:8)
  2 centaurs
  A wyvern zombie (D:7)
  A water moccasin skeleton (D:8)
  3 wights (D:6)
  3 howler monkeys (D:8)
  2 crimson imps (D:5)
  2 bullfrog skeletons
  6 hounds
  7 orc priests
  2 jellies
  A centaur skeleton (D:5)
  3 iguanas
  3 worker ants
  4 orc wizards
  2 hound skeletons
  A gnoll (D:1)
  A howler monkey skeleton (D:7)
  14 adders
  4 shadow imps
  2 oozes
  2 adder zombies
  An adder skeleton (D:7)
  2 worms
  5 dart slugs
  6 leopard geckos
  23 orcs
  6 giant cockroaches
  8 hobgoblins
  9 jackals
  4 quokkas
  7 bats
  10 frilled lizards
  8 goblins
  2 jackal skeletons
  A jackal zombie (D:8)
  8 kobolds
  2 leopard gecko skeletons
  A quokka skeleton (D:4)
  9 rats
  2 plants (D:8)
200 creatures vanquished.

Vanquished Creatures (others)
  4 plants (D:8)
4 creatures vanquished.

Grand Total: 204 creatures vanquished

Notes
Turn   | Place    | Note
-------+----------+-------------------------------------------
     0 | D:1      | MaCx the Gargoyle Earth Elementalist began the quest for
                  | the Orb.
     0 | D:1      | Reached XP level 1. HP: 10/10 MP: 3/3
   210 | D:1      | Reached skill level 4 in Earth Magic
   210 | D:1      | Reached XP level 2. HP: 14/15 MP: 5/5
   841 | D:1      | Reached XP level 3. HP: 19/19 MP: 6/6
   846 | D:1      | Learned a level 3 spell: Stone Arrow
  1625 | D:2      | Reached skill level 1 in Conjurations
  1677 | D:2      | Noticed a phantom
  1899 | D:2      | Killed a phantom
  1899 | D:2      | Reached skill level 5 in Earth Magic
  1899 | D:2      | Reached XP level 4. HP: 14/24 MP: 2/9
  1899 | D:2      | Reached XP level 5. HP: 16/28 MP: 2/10
  2074 | D:2      | Found a shadowy altar of Dithmenos.
  2154 | D:2      | Found a glowing silver altar of Zin.
  2154 | D:2      | Found a snail-covered altar of Cheibriados.
  3124 | D:2      | Found a burning altar of Makhleb.
  3451 | D:3      | Reached XP level 6. HP: 32/32 MP: 11/11
  3498 | D:3      | Learned a level 5 spell: Lee's Rapid Deconstruction
  3654 | D:3      | Found a blossoming altar of Fedhas.
  4227 | D:3      | Found a glowing golden altar of the Shining One.
  4762 | D:4      | Reached skill level 6 in Earth Magic
  5000 | D:4      | Found a sparkling altar of Nemelex Xobeh.
  5687 | D:4      | Noticed Sigmund
  5939 | D:4      | Reached XP level 7. HP: 21/36 MP: 0/13
  6095 | D:4      | Killed Sigmund
  6205 | D:4      | Found an ornate altar of the Wu Jian Council.
  6311 | D:4      | Found a staircase to the Ecumenical Temple.
  6321 | Temple   | Entered the Ecumenical Temple
  6359 | Temple   | Became a worshipper of Vehumet
  6427 | D:5      | Entered Level 5 of the Dungeon
  6520 | D:5      | Noticed a hippogriff
  6537 | D:5      | Found Pemen's General Store.
  7057 | D:5      | Killed a hippogriff
  7057 | D:5      | Reached skill level 1 in Fighting
  7057 | D:5      | Reached skill level 1 in Maces & Flails
  7057 | D:5      | Reached skill level 1 in Armour
  7057 | D:5      | Reached skill level 7 in Earth Magic
  7057 | D:5      | Reached skill level 1 in Evocations
  7057 | D:5      | Reached XP level 8. HP: 37/43 MP: 3/15
  7206 | D:5      | Reached skill level 5 in Spellcasting
  7491 | D:5      | HP: 2/43 [acid (8)]
  7909 | D:5      | Reached skill level 5 in Conjurations
  8107 | D:6      | Reached * piety under Vehumet
  8107 | D:6      | Offered knowledge of Magic Dart by Vehumet.
  8438 | D:6      | Found a sparkling altar of Nemelex Xobeh.
  8527 | D:6      | Found a shattered altar of Ashenzari.
  9407 | D:6      | Reached XP level 9. HP: 49/49 MP: 1/17
  9782 | D:7      | Found a hide-covered altar of Uskayaw.
  9984 | D:7      | Reached ** piety under Vehumet
 10055 | D:7      | Found Yqikesih's Book Shoppe.
 10187 | D:7      | Offered knowledge of Shock by Vehumet.
 11328 | D:8      | Reached skill level 8 in Earth Magic
 11409 | D:8      | Found a staircase to the Lair.
 11410 | D:8      | Noticed a komodo dragon
 11465 | D:8      | Killed a komodo dragon
 11643 | D:8      | Reached XP level 10. HP: 56/56 MP: 8/18
 11939 | D:8      | Offered knowledge of Inner Flame by Vehumet.
 12060 | D:7      | Bought a book of Minor Magic for 260 gold pieces
 12064 | D:7      | Learned a level 3 spell: Conjure Flame
 12121 | D:8      | Noticed Maurice
 12147 | D:8      | Paralysed by something for 5 turns
 12177 | D:8      | Killed Maurice
 12477 | D:8      | Found a bloodstained altar of Trog.
 12662 | Lair:1   | Entered Level 1 of the Lair of Beasts
 12684 | Lair:1   | Noticed Estucaddeh's ghost (novice HOFi)
 12686 | Lair:1   | Noticed a minotaur
 12798 | Lair:1   | Found a runed gate.
 12798 | Lair:1   | Found a runed gate.
 12798 | Lair:1   | Found a runed gate.
 12810 | Lair:1   | Reached skill level 1 in Fire Magic
 13013 | D:8      | HP: 2/58 [Estucaddeh's ghost (1)]
 13015 | D:8      | Mangled by Estucaddeh's ghost

Skill      XL: |  1  2  3  4  5  6  7  8  9 10 |
---------------+-------------------------------+-----
Earth Magic    | 4 5 6 7 8 |  8.4
Conjurations   | 2 3 4 5 6 |  6.4
Spellcasting   | 3 4 5 6 |  6.1
Fighting       | 1 2 4 |  4.5
Maces & Flails | 1 2 3 |  3.9
Armour         | 1 2 4 |  4.4
Evocations     | 1 2 3 |  3.7
Dodging        | 2 3 4 |  4.0
Fire Magic     | 1 |  1.0
Stealth        | |  2.2
Transmutations | |  0.7

Action                   |  1- 3 |  4- 6 |  7- 9 | 10-12 || total
-------------------------+-------+-------+-------+-------++-------
Melee: Club              |    17 |       |       |       ||    17
       Unarmed           |     1 |       |       |       ||     1
       Mace              |    49 |   218 |    80 |       ||   347
       Whip              |       |       |     8 |       ||     8
       Great mace        |       |       |    14 |    23 ||    37
 Cast: Sandblast         |    22 |    18 |     9 |       ||    49
       Stone Arrow       |       |    15 |   158 |    39 ||   212
       Lee's Rapid Decon |       |       |       |     7 ||     7
       Conjure Flame     |       |       |       |     1 ||     1
  Use: Scroll            |       |       |     4 |       ||     4
 Stab: Sleeping          |     1 |     7 |       |       ||     8
  Eat: Chunk             |     3 |    14 |    20 |     2 ||    39
       Ration            |       |       |     4 |     1 ||     5
Armor: Robe              |    28 |   117 |    86 |     9 ||   240
Dodge: Dodged            |    68 |   172 |   112 |    10 ||   362
